 Dungeon Crawl Stone Soup version 0.31-a0-559-g03b8d61ab2 (webtiles) character file.

Game seed: 16763019055583201801

10776 nordom the Fighter (level 11, -8/120 HPs)
             Began as an Ogre Berserker on Aug 3, 2023.
             Was a High Priest of Trog.
             Mangled by a water elemental (16 damage)
             ... on level 11 of the Dungeon on Aug 17, 2023.
             The game lasted 00:50:16 (11616 turns).

nordom the Fighter (Ogre Berserker)                Turns: 11616, Time: 00:50:17

Health: -8/120     AC: 15    Str: 39    XL:     11   Next: 67%
Magic:  11/11      EV: 23    Int:  8    God:    Trog [*****.]
Gold:   490        SH: 10    Dex:  8    Spells: 10/10 levels left

rFire   + . .        m - +5 eveningstar
rCold   + . .        L - +2 kite shield
rNeg    . . .        o - +0 shadow dragon scales
rPois   .            (helmet restricted)
rElec   .            D - scarf {rC+ rF+}
rCorr   .            (gloves unavailable)
SInv    .            (boots unavailable)
Will    +....        y - amulet of the acrobat
Stlth   ++           k - +6 ring of strength
HPRegen 0.40/turn    d - +6 ring of strength
MPRegen 0.12/turn

%: acrobat
@: on berserk cooldown, acrobatic, slowed, very slow
A: large, unfitting armour, tough skin 1
a: Renounce Religion, Berserk, Trog's Hand, Brothers in Arms


You were on level 11 of the Dungeon.
You worshipped Trog.
Trog was extremely pleased with you.
You visited 2 branches of the dungeon, and saw 12 of its levels.
You also visited: Sewer.

You collected 490 gold pieces.

Inventory:

Hand Weapons
 m - a +5 eveningstar (weapon)
 A - a +1 giant spiked club
 F - a +2 flail of protection
 H - a +9 war axe
 J - a +1 dire flail of freezing
Missiles
 a - 15 boomerangs (quivered)
Armour
 o - +0 shadow dragon scales (worn)
 u - an orb of mayhem
 D - a scarf of resistance (worn)
 I - a +0 cloak
 L - a +2 kite shield (worn)
Jewellery
 d - a +6 ring of strength (right hand)
 k - a +6 ring of strength (left hand)
 r - a ring of wizardry
 w - a ring of protection from fire
 y - an amulet of the acrobat (around neck)
 E - a ring of protection from fire
 R - a ring of willpower
Talismans
 f - a dragon-blood talisman
 M - a beast talisman
 O - a blade talisman
Wands
 q - a wand of flame (65)
 v - a wand of charming (2)
 B - a wand of polymorph (12)
 K - a wand of light (5)
 P - a wand of iceblast (4)
Scrolls
 e - 2 scrolls of teleportation
 j - 3 scrolls of revelation
 l - 2 scrolls of fog
 s - a scroll of blinking
 x - 2 scrolls of poison
 G - a scroll of fear
 Q - a scroll of enchant weapon
Potions
 b - 2 potions of brilliance
 c - 3 potions of cancellation {unknown}
 g - 2 potions of heal wounds
 h - 2 potions of berserk rage
 i - a potion of resistance {unknown}
 n - a potion of lignification {unknown}
 p - 3 potions of curing
 t - a potion of haste {unknown}
 z - 2 potions of might {unknown}
 C - a potion of ambrosia {unknown}
 N - 2 potions of attraction {unknown}


   Skills:
 + Level 11.1 Fighting
 - Level 6.8(9.1) Axes
 + Level 8.6(9.5) Maces & Flails
 + Level 6.1 Armour
 - Level 6.9 Dodging
 * Level 5.6 Shields
 - Level 1.3 Shapeshifting


You had 10 spell levels left.
You didn't know any spells.
Your spell library contained the following spells:

 Spells                   Type           Power      Damage    Failure   Level
 Apportation              Tloc           0%         N/A       92%         1
 Freeze                   Ice            0%         1d3       92%         1
 Necrotise                Necr           0%         1d4       92%         1
 Slow                     Hex            0%         N/A       92%         1
 Summon Small Mammal      Summ           0%         N/A       92%         1
 Confusing Touch          Hex            0%         N/A       100%        3
 Frozen Ramparts          Ice            0%         1d1       100%        3
 Hailstorm                Conj/Ice       0%         3d3       100%        3
 Inner Flame              Hex/Fire       0%         N/A       100%        3
 Stone Arrow              Conj/Erth      0%         3d7       100%        3
 Vampiric Draining        Necr           0%         2d6       100%        3
 Vhi's Electric Charge    Tloc/Air       0%         N/A       100%        3
 Animate Armour           Summ/Erth      0%         N/A       100%        4
 Summon Lightning Spire   Summ/Air       0%         N/A       100%        4
 Arcjolt                  Conj/Air       0%         1d10      100%        5
 Lee's Rapid Deconstruct  Erth           0%         3d4*      100%        5
 Yara's Violent Unravell  Hex/Tmut       0%         3d3       100%        5
 Enfeeble                 Hex            0%         N/A       100%        7
 Lehudib's Crystal Spear  Conj/Erth      0%         10d2      100%        8
 Maxwell's Capacitive Co  Air            0%         ∞         100%        8


Dungeon Overview and Level Annotations

Branches:
Dungeon (11/15)            Temple (0/1) D:6            Lair (1/5) D:10
  Sewer (visited)
    Orc: D:9-12

Altars:
Ashenzari
Dithmenos
Elyvilon
Gozag
Hepliaklqana
Makhleb
Ru
Vehumet
Wu Jian
The Shining One

Shops:
D:8 [


Innate Abilities, Weirdness & Mutations

You are too large for most types of armour.
You have tough skin. (AC +1)


Message History

* * * LOW HITPOINT WARNING * * *
The yak attacks as you move away! The yak gores you but does no damage.
You slip free of the water engulfing you.
You gasp with relief as air once again reaches your lungs.
The water elemental misses you.
The water elemental attacks as you move away!
The water elemental misses you.
The electric eel shoots out a bolt of lightning at you!
The bolt of electricity misses you. You block the yak's attack.
The yak completely misses you. The yak attacks as you move away!
You block the yak's attack. The yak attacks as you move away!
The yak closely misses you. The water elemental closely misses you.
The yak attacks as you move away! You block the yak's attack.
The yak completely misses you.
Found 2 stones.
The water elemental misses you.
A gargoyle comes into view. It is wielding a +0 morningstar.
You block the yak's attack. The yak barely misses you.
You enter a dispersal trap!
The yak blinks!
The gargoyle blinks!
The yak blinks!
The gargoyle blinks!
The yak blinks!
The water elemental blinks! x2; The yak blinks!
The water elemental blinks! x2
The yak blinks!
You blink.
The electric eel shoots out a bolt of lightning at you!
The bolt of electricity misses you.
Found 11 gold pieces.
The water elemental hits you.
* * * LOW HITPOINT WARNING * * *
The water elemental engulfs you in water!
The electric eel shoots out a bolt of lightning at you!
The bolt of electricity misses you.
The bolt of electricity hits the water elemental.
The water elemental resists.
The water elemental completely misses you.
The yak attacks as you move away! The yak misses you.
You slip free of the water engulfing you.
You gasp with relief as air once again reaches your lungs.
The electric eel shoots out a bolt of lightning at you!
The bolt of electricity misses you. You block the water elemental's attack.
The yak barely misses you. The water elemental hits you!
You die...

...............
.................
≈≈≈...........[..
#≈≈.......$......
#≈.............. .≈#
##≈..............
.≈≈##≈≈..............
.≈≈≈≈≈≈.....@..≈≈≈≈≈≈
..........!EE..≈≈##≈
.........†..Y.S##
#...........≈##
+...........≈≈#
#...........≈≈≈≈≈
#................
..#####...Y.............
......................$.


You could see 2 water elementals, 2 yaks and an electric eel.

Vanquished Creatures
  2 two-headed ogres (D:9)
  The ghost of asdu the Slasher, a novice DrDe of Wu Jian (D:4)
  Maurice (D:9)
  An unseen horror (D:10)
  A kobold demonologist (D:9)
  2 komodo dragons
  Sigmund (D:2)
  14 yaks
  A wraith (D:11)
  The ghost of nordom the Cudgeller, an amateur MiFi of Makhleb (D:3)
  Grum (D:8)
  Eustachio (D:6)
  A steam dragon (D:8)
  Menkaure (D:5)
  3 water moccasins
  Pargi (Sewer)
  A sky beast (D:7)
  An ice beast (D:5)
  5 orc warriors
  3 black bears
  2 ogres
  3 wolves (D:8)
  2 phantoms
  5 centaurs
  2 kobold brigands
  5 bullfrogs
  A scorpion (D:5)
  8 wights
  11 killer bees (D:9)
  2 jellies
  3 hounds
  9 orc priests
  Crazy Yiuf (D:5)
  4 iguanas
  Jessica (D:2)
  2 sleepcaps (D:6)
  7 orc wizards
  3 gnolls (D:5)
  A river rat (D:4)
  10 adders
  A shadow imp (D:5)
  3 white imps
  2 ufetubi (D:6)
  A worm (D:2)
  3 dart slugs
  48 orcs
  7 endoplasms
  5 giant cockroaches
  10 hobgoblins
  6 jackals
  11 quokkas
  10 ball pythons
  10 bats
  4 frilled lizards
  8 goblins
  22 kobolds
  4 rats
280 creatures vanquished.

Vanquished Creatures (collateral kills)
  A phantom (D:6)
  A scorpion (D:6)
  An orc priest (D:6)
  7 orcs
10 creatures vanquished.

Vanquished Creatures (others)
  2 orcs (D:3)
2 creatures vanquished.

Grand Total: 292 creatures vanquished

Notes
Turn   | Place    | Note
-------+----------+-------------------------------------------
     0 | D:1      | nordom the Ogre Berserker began the quest for the Orb.
     0 | D:1      | Reached XP level 1. HP: 24/24 MP: 1/1
    96 | D:1      | Reached XP level 2. HP: 32/32 MP: 2/2
   257 | D:1      | Found a faded altar of an unknown god.
   295 | D:1      | Reached ** piety under Trog
   459 | D:1      | Reached XP level 3. HP: 40/40 MP: 3/3
   710 | D:2      | Noticed Jessica
   712 | D:2      | Noticed Sigmund
   713 | D:2      | Killed Jessica
   724 | D:2      | Killed Sigmund
   725 | D:2      | Reached skill level 5 in Fighting
   725 | D:2      | Reached XP level 4. HP: 36/50 MP: 4/4
   725 | D:2      | Reached XP level 5. HP: 41/57 MP: 5/5
   853 | D:2      | Reached XP level 6. HP: 61/66 MP: 6/6
  1418 | D:2      | Found a glowing golden altar of the Shining One.
  2136 | D:3      | Reached *** piety under Trog
  2359 | D:3      | Found a broken altar of Ashenzari.
  2410 | D:3      | Found a runed translucent gate.
  2411 | D:3      | Found a runed translucent gate.
  2412 | D:3      | Found a runed translucent gate.
  2415 | D:3      | Noticed nordom's ghost (amateur MiFi)
  2925 | D:4      | Reached skill level 6 in Fighting
  2925 | D:4      | Reached skill level 5 in Maces & Flails
  2925 | D:4      | Reached skill level 1 in Armour
  2925 | D:4      | Reached XP level 7. HP: 26/75 MP: 7/7
  3554 | D:4      | Reached **** piety under Trog
  3611 | D:4      | Found a runed translucent door.
  3617 | D:4      | Noticed asdu's ghost (novice DrDe)
  3675 | D:4      | Found a runed translucent door.
  3717 | D:4      | Killed asdu's ghost
  3935 | D:5      | Entered Level 5 of the Dungeon
  3943 | D:5      | Reached XP level 8. HP: 81/84 MP: 8/8
  3953 | D:5      | You fall into a shaft and drop 1 floor!
  4009 | D:6      | Found a staircase to the Ecumenical Temple.
  4077 | D:6      | Reached skill level 7 in Fighting
  4204 | D:6      | Found a glowing drain.
  4218 | Sewer    | Entered a sewer
  4352 | Sewer    | Noticed Pargi
  4362 | Sewer    | Killed Pargi
  4363 | Sewer    | Reached skill level 5 in Dodging
  4801 | D:6      | HP: 2/87 [orc warrior/+0 flail (11)]
  5143 | D:6      | Noticed Eustachio
  5156 | D:6      | Reached XP level 9. HP: 78/96 MP: 9/9
  5165 | D:6      | Killed Eustachio
  5166 | D:6      | Reached skill level 8 in Fighting
  5505 | D:6      | Found a white marble altar of Elyvilon.
  5506 | D:6      | Found a sacrificial altar of Ru.
  5507 | D:6      | Found a hazy altar of Hepliaklqana.
  5867 | D:6      | Found an ornate altar of the Wu Jian Council.
  6303 | D:5      | Reached ***** piety under Trog
  6375 | D:5      | Noticed Menkaure
  6379 | D:5      | Killed Menkaure
  6790 | D:5      | Found a runed translucent door.
  6791 | D:5      | Noticed Crazy Yiuf
  6797 | D:5      | Killed Crazy Yiuf
  7001 | D:3      | Killed nordom's ghost
  7002 | D:3      | Reached skill level 9 in Fighting
  7170 | D:7      | Reached skill level 1 in Axes
  7199 | D:7      | Reached XP level 10. HP: 107/107 MP: 10/10
  7411 | D:7      | Found an opulent altar of Gozag.
  7518 | D:7      | Found a shadowy altar of Dithmenos.
  7890 | D:7      | Reached skill level 5 in Armour
  8427 | D:8      | Found a radiant altar of Vehumet.
  8460 | D:8      | Reached skill level 10 in Fighting
  8460 | D:8      | Reached skill level 1 in Shields
  8573 | D:8      | Received a gift from Trog
  8650 | D:8      | Noticed Grum
  8657 | D:8      | Reached skill level 5 in Axes
  8662 | D:8      | Killed Grum
  8694 | D:8      | Found a glowing golden altar of the Shining One.
  9053 | D:8      | Found Deotzuna's Armour Boutique.
  9250 | D:9      | Noticed a kobold demonologist
  9257 | D:9      | Noticed an orange demon
  9259 | D:9      | Killed a kobold demonologist
  9260 | D:9      | Reached XP level 11. HP: 119/119 MP: 11/11
  9300 | D:9      | Reached skill level 1 in Shapeshifting
  9588 | D:9      | Noticed a two-headed ogre
  9591 | D:9      | Killed a two-headed ogre
 10094 | D:9      | Noticed Maurice
 10102 | D:9      | Noticed a two-headed ogre
 10118 | D:9      | Killed Maurice
 10120 | D:9      | Killed a two-headed ogre
 10366 | D:9      | Found a burning altar of Makhleb.
 10370 | D:9      | Upgraded the game from 0.31-a0-446-g07c4bd200f to
                  | 0.31-a0-559-g03b8d61ab2
 10397 | D:10     | Entered Level 10 of the Dungeon
 10697 | D:10     | Reached skill level 5 in Shields
 10780 | D:10     | Reached skill level 11 in Fighting
 11047 | D:10     | Found a staircase to the Lair.
 11266 | Lair:1   | Entered Level 1 of the Lair of Beasts
 11284 | Lair:1   | Found the +5 robe of Misfortune {Harm *Corrode *Slow EV+5}
 11604 | D:11     | HP: 3/120 [water elemental (12)]
 11614 | D:11     | HP: 6/120 [water elemental (4)]
 11616 | D:11     | Mangled by a water elemental

Illustrated notes

Levels and vault maps discovered:
D:1:      tekkud_arrival_beachfront_property, layout_basic,
          ebering_ecumenical_altar_sacrificial
D:2:      layout_loops_ring, basic_altar, minmay_misc_feat_pillars,
          uniq_jessica, uniq_sigmund
D:3:      layout_loops_cross, mainiacjoe_overflow_tiny_flanked,
          biasface_ghost_orc_armoury
D:4:      layout_basic, ebering_ghost_sewer_f, abandoned_shop
D:5:      layout_loops_ring, uniq_menkaure, uniq_crazy_yiuf_cottage
D:6:      layout_loops_ring, mainiacjoe_overflow_surrounded_room,
          chequers_temple_overflow_statue_of_worship,
          minmay_temple_entry_large_hall, gup_sewer_entry_bubbles,
          kennysheep_generic_room_5, uniq_eustachio
D:7:      layout_basic, mainiacjoe_overflow_brackets,
          mainiacjoe_overflow_six_doors_small, nicolae_nh_ransacked_shop
D:8:      layout_rooms, tso_metal_star, mainiacjoe_overflow_chevrons,
          serial_shops, shop, uniq_grum
D:9:      layout_basic, lightli_temple_of_fire, nrook_pool_corridor,
          uniq_maurice
D:10:     layout_basic, david_lair_shrubbed
D:11:     nicolae_moon_pools, layout_irregular_city, gauntlet_entry_generic,
          uniq_harold
Lair:1:   layout_roguey, disabler_island, grunt_megastairs_3, uniq_erica

Skill      XL: |  1  2  3  4  5  6  7  8  9 10 11 |
---------------+----------------------------------+-----
Dodging        | 3 4 5 6 |  6.9
Maces & Flails | 3 4 5 6 7 8 |  8.6
Fighting       | 5 6 7 9 10 11 | 11.1
Armour         | 1 2 3 4 5 6 |  6.1
Axes           | 1 5 6 |  6.8
Shields        | 3 5 |  5.6
Shapeshifting  | 1 |  1.3

Action                     |  1- 3 |  4- 6 |  7- 9 | 10-12 || total
---------------------------+-------+-------+-------+-------++-------
  Melee: Mace              |    77 |   153 |     9 |       ||   239
         Punch             |       |     1 |     1 |       ||     2
         Flail             |       |       |   323 |       ||   323
         War axe           |       |       |     8 |    94 ||   102
         Eveningstar       |       |       |       |   165 ||   165
  Throw: Boomerang         |       |       |    20 |    13 ||    33
 Invoke: Berserk           |       |       |     2 |     5 ||     7
         Trog's Hand       |       |       |     1 |     2 ||     3
  Evoke: Wand              |       |       |       |     2 ||     2
    Use: Scroll            |       |     2 |    10 |     3 ||    15
         Potion            |       |       |       |     1 ||     1
   Stab: Sleeping          |       |     4 |     9 |     5 ||    18
 Armour: Animal skin       |    28 |    14 |       |       ||    42
         Shadow dragon sca |       |    69 |   178 |   104 ||   351
  Dodge: Dodged            |    41 |    58 |   156 |   101 ||   356
  Block: Kite shield       |       |       |       |   115 ||   115
   Form: Beast             |       |       |       |     1 ||     1
                           |       |       |       |     1 ||     1

Table legend: (Time is in decaauts)
 A = Elapsed time spent in this place.
 B = Non-inter-level travel time spent in this place.
 C = Inter-level travel time spent in this place.
 D = Time resting spent in this place.
 E = Time spent auto-exploring this place.
 F = Levels seen in this place.
 G = Mean time per level.
                   A        B        C        D        E       F      G
               +--------+--------+--------+--------+--------+-----+--------+
         Total |  11771 |  10744 |   1027 |   1888 |   6858 |  13 |  905.5 |
       Dungeon |  11573 |  10552 |   1021 |   1871 |   6765 |  11 | 1052.1 |
          Lair |     39 |     33 |      6 |      0 |     13 |   1 |   39.0 |
         Sewer |    159 |    159 |      0 |     17 |     80 |   1 |  159.0 |
               +--------+--------+--------+--------+--------+-----+--------+

Top non-repeatable levels by time:
     D:6: 1919 daAuts
     D:9: 1255 daAuts
     D:3: 1250 daAuts
     D:4: 1237 daAuts
     D:7: 1159 daAuts
    D:10: 1151 daAuts
     D:2: 1076 daAuts
     D:8: 899 daAuts
     D:5: 877 daAuts
     D:1: 713 daAuts
   Sewer: 159 daAuts
  Lair:1: 39 daAuts
    D:11: 33 daAuts
